 Dungeon Crawl Stone Soup version 0.28-a0-627-g4e9751bbfc (webtiles) character file.

Game seed: 1730654063029267447

103263 Ijustatesigmund the Cleaver (level 16, -2/129 HPs)
             Began as a Gnoll Fighter on Oct 7, 2021.
             Was the Champion of Cheibriados.
             Slain by a war gargoyle (14 damage)
             ... on level 2 of the Depths on Oct 8, 2021.
             The game lasted 01:30:19 (31952 turns).

Ijustatesigmund the Cleaver (Gnoll Fighter)        Turns: 31952, Time: 01:30:20

Health: -2/129     AC: 33    Str: 34    XL:     16   Next: 35%
Magic:  30/30      EV: 14    Int: 27    God:    Cheibriados [******]
Gold:   2540       SH: 25    Dex: 33    Spells: 22/36 levels left

rFire   + . .      SeeInvis .   a - +2 flail (protect)
rCold   . . .      Faith    .   c - +2 tower shield {rF+}
rNeg    + . .      Spirit   .   W - +2 crystal plate armour
rPois   .          Reflect  .   d - +1 helmet
rElec   .          Harm     .   j - scarf {repulsion}
rCorr   .          Rampage  .   J - +0 pair of gloves {Str+3}
Will    +....                   Y - +1 pair of boots
Stlth   ..........              O - amulet of regeneration
HPRegen 1.31/turn               g - ring of Zoxt {rN+ Dex+4}
MPRegen 0.22/turn               h - ring of wizardry

@: corroded, under a protective aura, studying 2 skills, repel missiles, very
slow
A: fangs 1, strong nose, distributed training, iridescent scales 2, wild magic 1
a: Renounce Religion, Bend Time, Temporal Distortion, Slouch, Step From Time


You were on level 2 of the Depths.
You worshipped Cheibriados.
Cheibriados was exalted by your worship.
You visited 5 branches of the dungeon, and saw 26 of its levels.
You visited the Abyss 1 time.
You also visited: Sewer and Gauntlet.

You collected 4154 gold pieces.
You spent 1614 gold pieces at shops.

Inventory:

Hand Weapons
 a - a +2 flail of protection (weapon)
 Z - a +0 demon whip
Missiles
 M - 9 curare-tipped darts (quivered)
 N - 7 atropa-tipped darts
 P - 13 javelins
Armour
 b - the +5 ring mail "Koineow" {rPois rN+}
   (You took it off a kobold on level 9 of the Dungeon)

   rPois:     It protects you from poison.
   rN:        It protects you from negative energy.
 c - a +2 tower shield of fire resistance (worn)
 d - a +1 helmet (worn)
 j - a scarf of repulsion (worn)
 J - a +0 pair of gloves of strength (worn)
 L - the +0 pair of gloves of Melancholy {rC+ rCorr MP-9 Stlth+}
   (You found it on level 13 of the Dungeon)

   rC:        It protects you from cold.
   MP:        It affects your magic capacity (-9).
   rCorr:     It protects you from acid and corrosion.
   Stlth:     It makes you more stealthy.
 W - a +2 crystal plate armour (worn)
 Y - a +1 pair of boots (worn)
Jewellery
 f - a ring of ice
 g - the ring of Zoxt (left hand) {rN+ Dex+4}
   (You found it on level 4 of the Dungeon)

   [ring of positive energy]

   Dex:       It affects your dexterity (+4).
   rN:        It protects you from negative energy.
 h - a ring of wizardry (right hand)
 s - a +6 ring of strength
 y - a ring of flight
 C - the amulet "Imuohuo" {Spirit Str+4}
   (You found it on level 12 of the Dungeon)

   [amulet of guardian spirit]

   It causes incoming damage to be divided between your reserves of health and
   magic.
   Str:       It affects your strength (+4).
 O - an amulet of regeneration (around neck)
 V - a ring of poison resistance
 X - a ring of resist corrosion
Wands
 r - a wand of iceblast (22)
 t - a wand of paralysis (14)
 z - a wand of flame (66)
 D - a wand of polymorph (3)
 Q - a wand of mindburst (30)
 R - a wand of digging (4)
Scrolls
 e - 10 scrolls of amnesia
 k - 2 scrolls of holy word
 m - a scroll of summoning
 u - 3 scrolls of enchant weapon
 A - 6 scrolls of fear
 G - 4 scrolls of teleportation
 H - 6 scrolls of identify
 I - a scroll of blinking
 S - 2 scrolls of silence
 T - 4 scrolls of enchant armour
 U - 3 scrolls of magic mapping
Potions
 i - 5 potions of brilliance
 l - a potion of magic
 o - 3 potions of flight
 p - 6 potions of cancellation
 q - a potion of might
 v - 3 potions of lignification
 w - 4 potions of curing
 x - 2 potions of resistance
 B - a potion of mutation
 E - 2 potions of attraction
 F - 15 potions of ambrosia


   Skills:
 + Level 12.6 Fighting
 + Level 10.8 Short Blades
 + Level 10.8 Long Blades
 + Level 13.5 Axes
 + Level 10.8 Maces & Flails
 + Level 10.8 Polearms
 + Level 10.8 Staves
 + Level 10.8 Slings
 + Level 10.8 Bows
 + Level 10.8 Crossbows
 + Level 10.8 Throwing
 + Level 12.6 Armour
 + Level 10.8 Dodging
 + Level 10.8 Stealth
 + Level 12.6 Shields
 + Level 12.8 Unarmed Combat
 + Level 10.8 Spellcasting
 + Level 9.1 Conjurations
 + Level 9.1 Hexes
 + Level 9.1 Summonings
 + Level 9.1 Necromancy
 + Level 9.1 Translocations
 + Level 9.1 Transmutations
 + Level 9.1 Fire Magic
 + Level 9.1 Ice Magic
 + Level 9.1 Air Magic
 + Level 9.1 Earth Magic
 + Level 9.1 Poison Magic
 + Level 11.8 Invocations
 + Level 10.8 Evocations


You had 22 spell levels left.
You knew the following spells:

 Your Spells              Type           Power      Damage    Failure   Level
a - Ensorcelled Hibernat  Hex/Ice        100%       N/A       6%          2
b - Hailstorm             Conj/Ice       70%        3d15      32%         4
c - Spider Form           Tmut/Pois      35%        N/A       12%         3
d - Lesser Beckoning      Tloc           70%        N/A       12%         3
e - Blink                 Tloc           N/A        N/A       6%          2

Your spell library contained the following spells:

 Spells                   Type           Power      Damage    Failure   Level
 Pain                     Necr           100%       1d9       4%          1
 Corpse Rot               Necr/Air       N/A        N/A       6%          2
 Poisonous Vapours        Pois/Air       100%       N/A       6%          2
 Scorch                   Fire           100%       2d10      6%          2
 Slow                     Hex            70%        N/A       6%          2
 Call Canine Familiar     Summ           70%        N/A       12%         3
 Confusing Touch          Hex            70%        N/A       12%         3
 Dazzling Flash           Conj/Hex       100%       N/A       12%         3
 Gell's Gravitas          Tloc           35%        N/A       12%         3
 Ozocubu's Armour         Ice            70%        N/A       12%         3
 Portal Projectile        Hex/Tloc       100%       N/A       12%         3
 Teleport Other           Tloc           70%        N/A       12%         3
 Tukima's Dance           Hex            70%        N/A       12%         3
 Vampiric Draining        Necr           35%        2d11      12%         3
 Animate Dead             Necr           35%        N/A       32%         4
 Flame Wave               Conj/Fire      70%        3d12      32%         4
 Ice Form                 Ice/Tmut       70%        N/A       32%         4
 Iskenderun's Mystic Bla  Conj/Tloc      70%        2d14      32%         4
 Leda's Liquefaction      Hex/Erth       35%        N/A       32%         4
 Passage of Golubria      Tloc           N/A        N/A       32%         4
 Agony                    Necr           70%        N/A       63%         5
 Borgnjor's Vile Clutch   Necr/Erth      35%        N/A       63%         5
 Excruciating Wounds      Necr           35%        N/A       63%         5
 Manifold Assault         Tloc           70%        N/A       63%         5
 Metabolic Englaciation   Hex/Ice        35%        N/A       63%         5
 Yara's Violent Unravell  Hex/Tmut       35%        3d14      63%         5
 Death Channel            Necr           35%        N/A       98%         6
 Simulacrum               Ice/Necr       35%        N/A       98%         6
 Starburst                Conj/Fire      35%        6d10      98%         6
 Summon Cactus Giant      Summ           35%        N/A       98%         6
 Storm Form               Tmut/Air       35%        N/A       100%        7


Dungeon Overview and Level Annotations

Branches:
Dungeon (15/15)            Temple (1/1) D:5            Lair (6/6) D:9
 Shoals (0/4) Lair:2       Spider (0/4) Lair:3        Slime (0/5) Lair:5
    Orc (2/2) D:9             Elf (0/3) Orc:2        Vaults (0/5) D:13
 Depths (1/4) D:15          Sewer (visited)         Gauntlet (visited)

Altars:
Ashenzari
Cheibriados
Dithmenos
Elyvilon
Fedhas
Gozag
Hepliaklqana
Kikubaaqudgha
Makhleb
Nemelex Xobeh
Okawaru
Qazlal
Ru
Sif Muna
Trog
Uskayaw
Vehumet
Wu Jian
Xom
Yredelemnul
Zin
The Shining One
Beogh

Shops:
D:9 [   Orc:2 ?=(!

Portals:
Hell: Lair:6
Abyss: Lair:4

Annotations:
D:5 3 runed translucent doors, martbhell's ghost, novice MiBe


Innate Abilities, Weirdness & Mutations

You have very sharp teeth.
Your uncanny sense of smell can sniff out nearby items.
Your experience applies equally to all skills.
You are mostly covered in iridescent scales. (AC +4)
Your spells are a little harder to cast, but a little more powerful.


Message History

You block the war gargoyle's attack. x2
The war gargoyle completely misses you. The ancient lich misses you.
You thump the ancient lich! You bite the ancient lich.
The ancient lich is heavily damaged.
You block the war gargoyle's attack.
The war gargoyle launches metal splinters at you.
The spray of metal splinters misses you.
You block the ancient lich's attack.
The war gargoyle hits you but does no damage.
You block the war gargoyle's attack.
You closely miss the ancient lich.
The ancient lich is heavily damaged.
You block the war gargoyle's attack.
The ancient lich mumbles some strange words.
The ancient lich flickers and vanishes!
Deactivating autopickup; reactivate with Ctrl-A.
The war gargoyle hits you with a +0 flail!
The war gargoyle closely misses you.
You closely miss something.
The war gargoyle launches metal splinters at you.
The spray of metal splinters misses you.
Something barely misses you.
The war gargoyle hits you with a +0 flail of protection!
You block the war gargoyle's attack.
You hit something but do no damage. You block the war gargoyle's attack.
The war gargoyle launches metal splinters at you.
The spray of metal splinters misses you.
You hear some strange, mumbled words.
A bolt of acid appears from out of thin air!
The bolt of acid hits you!!! The acid corrodes you!
The war gargoyle launches metal splinters at you.
The spray of metal splinters hits you!! You block the war gargoyle's attack.
You hear some strange, mumbled words.
A bolt of acid appears from out of thin air!
The bolt of acid hits you!!!
* * * LOW HITPOINT WARNING * * *
The acid corrodes you!
You fail to use your ability.
The war gargoyle hits you with a +0 flail of protection!
You die...

#######
#$$$$"#
#...>=#
#.9{.:#
#..@9)#
#....}#
#+#####
∆ ∆


You could see 2 war gargoyles.

Vanquished Creatures
  An orc warlord (Orc:1)
  A balrug (Abyss:2)
  The ghost of Qeddo the Carver, a journeyman DjAE of Makhleb (Lair:4)
  A stone giant (D:15)
  A minotaur (Gauntlet)
  An ettin (Orc:1)
  A yaktaur captain (D:13)
  Erolcha (Orc:2)
  3 hydras
  A rakshasa (D:12)
  Fannar (Orc:1)
  A boulder beetle (Lair:6)
  2 ogre magi
  3 centaur warriors
  2 death knights
  11 two-headed ogres
  A death yak (Lair:4)
  A hell hog (Lair:4)
  Urug (Orc:1)
  A tengu warrior (D:11)
  3 orc high priests
  Nergalle (Orc:2)
  A sun demon (Abyss:2)
  Sonja (D:13)
  2 sixfirhies
  4 skeletal warriors (D:14)
  A wizard (Lair:6)
  An obsidian statue (Gauntlet)
  2 orc knights (Orc:1)
  7 ugly things
  9 orc sorcerers
  9 cyclopes
  3 manticores
  2 worldbinders
  11 black mambas
  A smoke demon (Lair:6)
  20 elephants
  The ghost of TimeIsEndless the Sneak, a novice VSGl (D:6)
  3 orange demons
  A torpor snail (Gauntlet)
  An eye of devastation (shapeshifter) (Lair:4)
  18 cane toads
  6 komodo dragons
  9 rime drakes
  A kobold demonologist (D:14)
  An efreet (D:15)
  3 unseen horrors
  2 yaktaurs (D:13)
  An ice devil (Lair:6)
  2 tengu conjurers (D:15)
  A hellwing (Lair:4)
  2 red devils (Lair:6)
  2 queen bees (Lair:3)
  4 trolls
  2 jumping spiders (Lair:3)
  3 polar bears
  A tyrant leech (Gauntlet)
  6 meliai
  5 hornets
  Prince Ribbit (Lair:2)
  A meliai zombie (D:10)
  13 blink frogs
  10 slime creatures
  A snapping turtle (Lair:2)
  A redback (Lair:3)
  A spriggan (Lair:4)
  A shadow (D:12)
  A centaur simulacrum (D:12)
  A tarantella (shapeshifter) (Abyss:2)
  45 yaks
  7 basilisks
  A vampire (D:13)
  9 wyverns
  7 vampire mosquitoes
  Menkaure (D:5)
  4 wargs
  3 swamp worms (Gauntlet)
  5 acid dragons (D:12)
  13 water moccasins
  A water moccasin (shapeshifter) (D:14)
  4 hell hounds (Lair:6)
  A black bear (D:5)
  An ice beast (D:6)
  A hornet zombie (D:6)
  24 orc warriors
  3 sky beasts
  9 ogres
  A wolf (Lair:4)
  3 boggarts (Gauntlet)
  A necrophage (D:6)
  11 centaurs
  A phantom (D:4)
  5 kobold brigands
  A gnoll sergeant (D:8)
  9 bullfrogs
  3 scorpions
  A wyvern zombie (D:8)
  2 water moccasin zombies
  A wyvern skeleton (D:7)
  71 killer bees
  8 wights
  An electric eel (D:15)
  A howler monkey (D:4)
  A bullfrog zombie (D:6)
  3 centaur zombies
  3 hounds
  3 jellies
  A bullfrog skeleton (D:6)
  A gnoll shaman (D:4)
  34 orc priests
  Natasha (thrice) (D:4)
  Terence (D:2)
  38 orc wizards
  A hell rat (Lair:6)
  A killer bee zombie (D:9)
  2 howler monkey zombies (D:9)
  16 gnolls
  10 adders
  2 river rats (Sewer)
  A shadow imp (D:4)
  An ufetubus (Abyss:2)
  An adder skeleton (D:4)
  7 worms
  A dart slug (D:3)
  86 orcs
  7 ball pythons
  6 endoplasms
  5 giant cockroaches
  3 goblins
  9 hobgoblins
  9 jackals
  3 quokkas
  6 bats
  2 frilled lizards (D:1)
  20 kobolds
  9 rats
775 creatures vanquished.

Vanquished Creatures (others)
  An orc wizard (Orc:1)
  3 orcs
  A kobold (D:7)
  2 bushes (D:9)
  36 fungi
  59 plants
102 creatures vanquished.

Grand Total: 877 creatures vanquished

Notes
Turn   | Place    | Note
-------+----------+-------------------------------------------
     0 | D:1      | Ijustatesigmund the Gnoll Fighter began the quest for the
                  | Orb.
     0 | D:1      | Reached XP level 1. HP: 23/23 MP: 1/1
   116 | D:1      | Reached XP level 2. HP: 29/29 MP: 2/2
   561 | D:1      | Reached XP level 3. HP: 35/35 MP: 3/3
   767 | D:1      | Found a faded altar of an unknown god.
  1126 | D:2      | Reached skill level 1 in Invocations
  1304 | D:2      | Reached skill level 1 in Short Blades
  1304 | D:2      | Reached skill level 1 in Long Blades
  1304 | D:2      | Reached skill level 1 in Maces & Flails
  1304 | D:2      | Reached skill level 1 in Polearms
  1304 | D:2      | Reached skill level 1 in Staves
  1304 | D:2      | Reached skill level 1 in Slings
  1304 | D:2      | Reached skill level 1 in Bows
  1304 | D:2      | Reached skill level 1 in Crossbows
  1304 | D:2      | Reached skill level 1 in Throwing
  1304 | D:2      | Reached skill level 1 in Dodging
  1304 | D:2      | Reached skill level 1 in Stealth
  1304 | D:2      | Reached skill level 1 in Unarmed Combat
  1304 | D:2      | Reached skill level 1 in Spellcasting
  1304 | D:2      | Reached skill level 1 in Evocations
  1563 | D:2      | Reached XP level 4. HP: 36/41 MP: 5/5
  1584 | D:2      | Noticed Terence
  1595 | D:2      | Killed Terence
  1596 | D:2      | Reached skill level 1 in Conjurations
  1596 | D:2      | Reached skill level 1 in Hexes
  1596 | D:2      | Reached skill level 1 in Summonings
  1596 | D:2      | Reached skill level 1 in Necromancy
  1596 | D:2      | Reached skill level 1 in Translocations
  1596 | D:2      | Reached skill level 1 in Transmutations
  1596 | D:2      | Reached skill level 1 in Fire Magic
  1596 | D:2      | Reached skill level 1 in Ice Magic
  1596 | D:2      | Reached skill level 1 in Air Magic
  1596 | D:2      | Reached skill level 1 in Earth Magic
  1596 | D:2      | Reached skill level 1 in Poison Magic
  2176 | D:3      | Reached XP level 5. HP: 36/47 MP: 6/6
  3197 | D:4      | Noticed an ogre
  3202 | D:4      | Killed an ogre
  3203 | D:4      | Reached XP level 6. HP: 53/53 MP: 8/8
  3210 | D:4      | Noticed Natasha
  3223 | D:4      | Killed Natasha
  3395 | D:4      | Noticed Natasha
  3400 | D:4      | Killed Natasha
  3401 | D:4      | Reached skill level 5 in Axes
  3620 | D:4      | Reached XP level 7. HP: 12/57 MP: 10/10
  3916 | D:4      | Noticed Natasha
  3929 | D:4      | Killed Natasha
  4164 | D:4      | Identified the ring of Zoxt {rN+ Dex+4}
  4959 | D:5      | Entered Level 5 of the Dungeon
  5139 | D:4      | Reached XP level 8. HP: 44/67 MP: 12/12
  5272 | D:5      | Noticed Menkaure
  6329 | D:5      | Gained mutation: You expend magic power (3 MP) to
                  | strengthen your wands. [potion of mutation]
  6329 | D:5      | Gained mutation: You occasionally shout uncontrollably at
                  | your foes. [potion of mutation]
  6329 | D:5      | Gained mutation: You are agile. (Dex +2) [potion of
                  | mutation]
  6330 | D:5      | Killed Menkaure
  7505 | D:5      | Identified a scroll of acquirement
  7505 | D:5      | Acquired 656 gold pieces
  7638 | D:5      | Noticed martbhell's ghost (novice MiBe)
  7653 | D:5      | Found a runed translucent gate.
  7653 | D:5      | Found a runed translucent gate.
  7653 | D:5      | Found a runed translucent gate.
  7679 | D:5      | Found a staircase to the Ecumenical Temple.
  7688 | Temple   | Entered the Ecumenical Temple
  7950 | Temple   | Became a worshipper of Cheibriados the Contemplative
  8000 | D:5      | Lost mutation: You are agile. (Dex +2) [potion of mutation]
  8000 | D:5      | Lost mutation: You expend magic power (3 MP) to strengthen
                  | your wands. [potion of mutation]
  8000 | D:5      | Lost mutation: You occasionally shout uncontrollably at
                  | your foes. [potion of mutation]
  8000 | D:5      | Gained mutation: You are partially covered in iridescent
                  | scales. (AC +2) [potion of mutation]
  8000 | D:5      | Gained mutation: Your spells are a little harder to cast,
                  | but a little more powerful. [potion of mutation]
  8000 | D:5      | Gained mutation: You are mostly covered in iridescent
                  | scales. (AC +4) [potion of mutation]
  8491 | D:6      | Reached skill level 6 in Axes
  8495 | D:6      | Reached XP level 9. HP: 28/72 MP: 14/14
  8509 | D:6      | Found a glowing drain.
  8518 | Sewer    | Entered a sewer
  8863 | Sewer    | Reached * piety under Cheibriados
  9330 | D:6      | Noticed a troll
  9340 | D:6      | Killed a troll
  9723 | D:6      | Reached ** piety under Cheibriados
  9774 | D:6      | Found a runed translucent gate.
  9778 | D:6      | Found a runed translucent gate.
  9778 | D:6      | Found an opulent altar of Gozag.
  9779 | D:6      | Found a runed translucent gate.
  9780 | D:6      | Noticed TimeIsEndless's ghost (novice VSGl)
  9781 | D:6      | Noticed a two-headed ogre
 10200 | D:7      | Noticed a troll
 10211 | D:7      | Reached skill level 5 in Invocations
 10221 | D:7      | Killed a troll
 10721 | D:7      | Reached XP level 10. HP: 71/80 MP: 17/17
 10998 | D:7      | Learned a level 2 spell: Ensorcelled Hibernation
 11242 | D:8      | Reached skill level 5 in Short Blades
 11242 | D:8      | Reached skill level 5 in Long Blades
 11242 | D:8      | Reached skill level 5 in Maces & Flails
 11242 | D:8      | Reached skill level 5 in Polearms
 11242 | D:8      | Reached skill level 5 in Staves
 11242 | D:8      | Reached skill level 5 in Slings
 11242 | D:8      | Reached skill level 5 in Bows
 11242 | D:8      | Reached skill level 5 in Crossbows
 11242 | D:8      | Reached skill level 5 in Throwing
 11242 | D:8      | Reached skill level 5 in Dodging
 11242 | D:8      | Reached skill level 5 in Stealth
 11242 | D:8      | Reached skill level 5 in Unarmed Combat
 11242 | D:8      | Reached skill level 5 in Spellcasting
 11242 | D:8      | Reached skill level 5 in Evocations
 11537 | D:8      | Reached *** piety under Cheibriados
 12239 | D:8      | Reached skill level 7 in Axes
 12561 | D:9      | Identified the +5 ring mail "Koineow" {rPois rN+}
 12903 | D:9      | Reached **** piety under Cheibriados
 12958 | D:9      | Found Rannai's Armour Emporium.
 12992 | D:9      | Found a staircase to the Lair.
 13226 | D:9      | Found a staircase to the Orcish Mines.
 13637 | D:6      | Killed TimeIsEndless's ghost
 13760 | D:6      | Killed a two-headed ogre
 13761 | D:6      | Reached XP level 11. HP: 87/87 MP: 19/19
 14021 | D:9      | Reached skill level 5 in Conjurations
 14021 | D:9      | Reached skill level 5 in Hexes
 14021 | D:9      | Reached skill level 5 in Summonings
 14021 | D:9      | Reached skill level 5 in Necromancy
 14021 | D:9      | Reached skill level 5 in Translocations
 14021 | D:9      | Reached skill level 5 in Transmutations
 14021 | D:9      | Reached skill level 5 in Fire Magic
 14021 | D:9      | Reached skill level 5 in Ice Magic
 14021 | D:9      | Reached skill level 5 in Air Magic
 14021 | D:9      | Reached skill level 5 in Earth Magic
 14021 | D:9      | Reached skill level 5 in Poison Magic
 14535 | D:9      | Reached ***** piety under Cheibriados
 15016 | D:9      | Found a hazy altar of Hepliaklqana.
 15025 | D:10     | Entered Level 10 of the Dungeon
 15039 | D:10     | Noticed a death knight
 15400 | D:10     | Noticed a two-headed ogre
 15417 | D:10     | Killed a two-headed ogre
 15418 | D:10     | Reached skill level 8 in Axes
 15868 | D:11     | Noticed a cyclops
 15878 | D:11     | Killed a cyclops
 15897 | D:11     | Noticed a cyclops
 15905 | D:11     | Killed a cyclops
 16071 | D:11     | Noticed a two-headed ogre
 16078 | D:11     | Killed a two-headed ogre
 16273 | D:11     | Noticed a tengu warrior
 16287 | D:11     | Killed a tengu warrior
 16288 | D:11     | Reached XP level 12. HP: 67/96 MP: 18/22
 16439 | D:11     | Learned a level 4 spell: Hailstorm
 16881 | D:12     | Noticed a rakshasa
 16905 | D:12     | Killed a rakshasa
 17181 | D:12     | Noticed a two-headed ogre
 17190 | D:12     | Killed a two-headed ogre
 17284 | D:12     | Found a transporter.
 17299 | D:12     | Found a transporter.
 17308 | D:12     | Identified the amulet "Imuohuo" {Spirit Str+4}
 17659 | D:13     | Noticed a yaktaur captain
 17679 | D:13     | Killed a yaktaur captain
 17680 | D:13     | Reached skill level 10 in Fighting
 17680 | D:13     | Reached skill level 10 in Armour
 17680 | D:13     | Reached skill level 10 in Shields
 17914 | D:13     | Identified the +0 pair of gloves of Melancholy {rC+ rCorr
                  | MP-9 Stlth+}
 17930 | D:13     | Found a gate to the Vaults.
 17940 | D:13     | Noticed Sonja
 17941 | D:13     | Killed Sonja
 18310 | D:14     | Reached skill level 9 in Axes
 18320 | D:14     | Learned a level 3 spell: Spider Form
 18323 | D:14     | Noticed a death knight
 18338 | D:14     | Killed a death knight
 18339 | D:14     | Noticed a centaur warrior
 18344 | D:14     | Killed a centaur warrior
 18360 | D:14     | Noticed a two-headed ogre
 18429 | D:14     | Reached XP level 13. HP: 54/103 MP: 11/24
 18440 | D:14     | Acquired a +2 tower shield of fire resistance
 18565 | D:14     | Found a gate leading to a gauntlet.
 18580 | Gauntlet | Entered a Gauntlet
 18580 | Gauntlet | Found a transporter.
 18589 | Gauntlet | Found a transporter.
 18590 | Gauntlet | Found a transporter.
 18599 | Gauntlet | Found a transporter.
 18602 | Gauntlet | Found a transporter.
 18611 | Gauntlet | Found a transporter.
 18614 | Gauntlet | Found a transporter.
 18625 | Gauntlet | Found a transporter.
 18626 | Gauntlet | Found a transporter.
 18634 | Gauntlet | Found a transporter.
 18659 | Gauntlet | Found a transporter.
 18671 | Gauntlet | Found a transporter.
 18683 | Gauntlet | Found a transporter.
 18695 | Gauntlet | Found a transporter.
 19050 | Gauntlet | Noticed a minotaur
 19073 | Gauntlet | Killed a minotaur
 19200 | Gauntlet | Identified the amulet of Amelioration {Spirit Rampage rElec
                  | Regen+ Dex-2}
 19722 | D:14     | Found a sparkling altar of Nemelex Xobeh.
 19891 | D:14     | Reached skill level 10 in Axes
 20308 | Lair:1   | Entered Level 1 of the Lair of Beasts
 20313 | Lair:1   | Identified the +1 trident of Gallantry {elec, rCorr Str+4
                  | Int-2 Dex+7}
 21359 | Lair:2   | Learned a level 3 spell: Lesser Beckoning
 21377 | Lair:2   | Noticed Prince Ribbit
 21406 | Lair:2   | Killed Prince Ribbit
 21435 | Lair:2   | Reached XP level 14. HP: 113/113 MP: 26/26
 21716 | Lair:2   | Found a staircase to the Shoals.
 22272 | Lair:3   | Reached ****** piety under Cheibriados
 22545 | Lair:3   | Found a hole to the Spider Nest.
 23279 | Lair:4   | Reached skill level 10 in Unarmed Combat
 23284 | Lair:4   | Found a transporter.
 23348 | Lair:4   | Reached skill level 10 in Invocations
 23387 | Lair:4   | Reached skill level 11 in Axes
 24383 | Lair:4   | Found a transporter.
 24387 | Lair:4   | Noticed Qeddo's ghost (journeyman DjAE)
 24416 | Lair:4   | Killed Qeddo's ghost
 24494 | Lair:4   | Found a one-way gate to the infinite horrors of the Abyss.
 25151 | Lair:5   | Found a staircase to the Slime Pits.
 25500 | Lair:5   | Reached XP level 15. HP: 115/120 MP: 28/28
 25705 | Lair:5   | Reached skill level 12 in Axes
 26080 | Lair:6   | Entered Level 6 of the Lair of Beasts
 26300 | Lair:6   | Upgraded the game from 0.28-a0-622-gbaef9634d7 to
                  | 0.28-a0-627-g4e9751bbfc
 26459 | Lair:6   | Reached skill level 10 in Short Blades
 26459 | Lair:6   | Reached skill level 10 in Long Blades
 26459 | Lair:6   | Reached skill level 10 in Maces & Flails
 26459 | Lair:6   | Reached skill level 10 in Polearms
 26459 | Lair:6   | Reached skill level 10 in Staves
 26459 | Lair:6   | Reached skill level 10 in Slings
 26459 | Lair:6   | Reached skill level 10 in Bows
 26459 | Lair:6   | Reached skill level 10 in Crossbows
 26459 | Lair:6   | Reached skill level 10 in Throwing
 26459 | Lair:6   | Reached skill level 10 in Dodging
 26459 | Lair:6   | Reached skill level 10 in Stealth
 26459 | Lair:6   | Reached skill level 10 in Spellcasting
 26459 | Lair:6   | Reached skill level 10 in Evocations
 26721 | Lair:6   | Cast into level 2 of the Abyss (a wizard)
 26752 | Abyss:2  | Noticed a balrug
 26764 | Abyss:2  | Killed a balrug
 26889 | Lair:6   | Escaped the Abyss
 26960 | Lair:6   | Found a burning altar of Makhleb.
 27069 | Lair:6   | Found a gateway to Hell.
 27573 | Orc:1    | Entered Level 1 of the Orcish Mines
 27581 | Orc:1    | Noticed Fannar
 27602 | Orc:1    | Killed Fannar
 27774 | Orc:2    | Entered Level 2 of the Orcish Mines
 28315 | Orc:2    | Found a staircase to the Elven Halls.
 28542 | Orc:1    | Noticed Urug
 28559 | Orc:1    | Killed Urug
 28937 | Orc:1    | Reached skill level 13 in Axes
 29254 | Orc:1    | Paralysed by something for 4 turns
 29561 | Orc:2    | Paralysed by an orc sorcerer for 7 turns
 29573 | Orc:2    | Found Lupuyl's Distillery.
 29603 | Orc:2    | Bought a potion of cancellation for 120 gold pieces
 29616 | Orc:2    | Found an ancient bone altar of Kikubaaqudgha.
 29616 | Orc:2    | Noticed Nergalle
 29633 | Orc:2    | Reached XP level 16. HP: 127/128 MP: 30/30
 29653 | Orc:2    | Killed Nergalle
 29702 | Orc:2    | Found Uqefiafi's Antique Weapon Shop.
 29719 | Orc:2    | Noticed Erolcha
 29728 | Orc:2    | Killed Erolcha
 29731 | Orc:2    | Found a radiant altar of Vehumet.
 29826 | Orc:2    | Found Rachuav's Magic Scroll Boutique.
 29853 | Orc:2    | Bought a scroll of acquirement for 936 gold pieces
 29853 | Orc:2    | Bought a scroll of teleportation for 54 gold pieces
 29853 | Orc:2    | Bought a scroll of teleportation for 54 gold pieces
 29853 | Orc:2    | Bought a scroll of blinking for 135 gold pieces
 29853 | Orc:2    | Bought a scroll of teleportation for 54 gold pieces
 29853 | Orc:2    | Acquired 1073 gold pieces
 29857 | Orc:2    | Bought a scroll of magic mapping for 63 gold pieces
 29857 | Orc:2    | Bought a scroll of magic mapping for 63 gold pieces
 29857 | Orc:2    | Bought a scroll of enchant armour for 135 gold pieces
 29903 | Orc:2    | Found Vemiompe's Jewellery Shop.
 30138 | Orc:1    | Paralysed by an ogre mage for 4 turns
 31144 | D:15     | Entered Level 15 of the Dungeon
 31244 | D:15     | Learned a level 2 spell: Blink
 31494 | D:15     | Identified the +10 battleaxe of Crusades {drain, +Blink
                  | Str-4 Dex+7}
 31530 | D:15     | Found a staircase to the Depths.
 31911 | Depths:1 | Entered Level 1 of the Depths
 31942 | Depths:1 | You fall into a shaft and drop 1 floor!
 31942 | Depths:2 | Noticed an ancient lich
 31952 | Depths:2 | Slain by a war gargoyle

Illustrated notes

Levels and vault maps discovered:
D:1:      dpeg_arrival_fog, layout_basic, ebering_ecumenical_altar_box
D:2:      layout_loops_cross, uniq_terence
D:3:      layout_loops_ring
D:4:      kennysheep_six_static_rooms, layout_layer_cave, minivault_26,
          uniq_natasha
D:5:      layout_cave_pools, minmay_temple_entry_slanted, gammafunk_ghost_split,
          uniq_menkaure
D:6:      layout_basic, ebering_ghost_gozag, cheibrodos_sewer_entry_drain
D:7:      layout_basic
D:8:      layout_cave_pools, kennysheep_generic_room_8
D:9:      layout_cave_pods, nzn_hepliaklqana_mist_gate, minmay_lair_entry_grove,
          david_orc_1_choice, serial_shops, shop, hangedman_decor_growths
D:10:     layout_roguey, small_chamber_with_monster, chequers_mini_garden,
          kennysheep_small_square
D:11:     layout_loops_ring
D:12:     gammafunk_cloud_chamber, layout_loops_ring
D:13:     layout_roguey, david_vaults_2, uniq_sonja
D:14:     kennysheep_spiral_hall, layout_loops_ring, gauntlet_entry_generic,
          nemelex_lonely_heart_becter
D:15:     grunt_enter_depths_giant_problem, layout_basic, serial_park_fountain,
          unseen_surprise_small
Temple:   nicolae_temple_the_god_donut
Lair:1:   layout_cave_shapes
Lair:2:   layout_loops_ring, minmay_shoals_entry_hut,
          chequers_serial_rivers_micro_c, uniq_prince_ribbit2
Lair:3:   layout_hall_layers, spider_nest_entry_a, special_room
          [special_room_bee], grunt_megastairs_4, infiniplex_staircase_pool
Lair:4:   regret_index_wax_grids, layout_regular_city,
          gammafunk_ghost_abyssal_escape
Lair:5:   layout_regular_city, minmay_slime_entry_pillars
Lair:6:   evil_forest, layout_long_grid
Orc:1:    layout_diamond_mine, minmay_orc_temple_c, uniq_urug, uniq_fannar
Orc:2:    kennysheep_orc_mage_school, layout_caves
Depths:1: layout_gridlike, enter_ziggurat_a, abyss_entry_small_statue_room,
          cheibrodos_ashenzari_chains, hellmouth_1, special_room
          [special_room_mythical_zoo], minmay_misc_feat_square,
          kennysheep_generic_room_5
Depths:2: constructs_gauntlet_mu_hangedman, layout_gridville, pan_entry,
          grunt_qazlal_clouds, abyss_entry_flame_altar,
          grunt_hell_entry_dis_grunt, serial_bayou_shore_b,
          infiniplex_staircase_diamond, minmay_shop_grove

Skill      XL: |  1  2  3  4  5  6  7  8  9 10 11 12 13 14 15 16 |
---------------+-------------------------------------------------+-----
Invocations    | 1 2 3 4 5 6 7 8 9 10 11 | 11.8
Short Blades   | 1 2 3 4 5 6 7 8 9 10 | 10.8
Long Blades    | 1 2 3 4 5 6 7 8 9 10 | 10.8
Maces & Flails | 1 2 3 4 5 6 7 8 9 10 | 10.8
Polearms       | 1 2 3 4 5 6 7 8 9 10 | 10.8
Staves         | 1 2 3 4 5 6 7 8 9 10 | 10.8
Slings         | 1 2 3 4 5 6 7 8 9 10 | 10.8
Bows           | 1 2 3 4 5 6 7 8 9 10 | 10.8
Crossbows      | 1 2 3 4 5 6 7 8 9 10 | 10.8
Throwing       | 1 2 3 4 5 6 7 8 9 10 | 10.8
Dodging        | 1 2 3 4 5 6 7 8 9 10 | 10.8
Stealth        | 1 2 3 4 5 6 7 8 9 10 | 10.8
Unarmed Combat | 1 2 3 4 5 6 7 9 11 12 | 12.8
Spellcasting   | 1 2 3 4 5 6 7 8 9 10 | 10.8
Evocations     | 1 2 3 4 5 6 7 8 9 10 | 10.8
Conjurations   | 1 2 3 4 5 6 7 8 9 |  9.1
Hexes          | 1 2 3 4 5 6 7 8 9 |  9.1
Summonings     | 1 2 3 4 5 6 7 8 9 |  9.1
Necromancy     | 1 2 3 4 5 6 7 8 9 |  9.1
Translocations | 1 2 3 4 5 6 7 8 9 |  9.1
Transmutations | 1 2 3 4 5 6 7 8 9 |  9.1
Fire Magic     | 1 2 3 4 5 6 7 8 9 |  9.1
Ice Magic      | 1 2 3 4 5 6 7 8 9 |  9.1
Air Magic      | 1 2 3 4 5 6 7 8 9 |  9.1
Earth Magic    | 1 2 3 4 5 6 7 8 9 |  9.1
Poison Magic   | 1 2 3 4 5 6 7 8 9 |  9.1
Axes           | 5 6 7 8 9 10 11 13 | 13.5
Fighting       | 7 8 9 10 11 12 | 12.6
Armour         | 7 8 9 10 11 12 | 12.6
Shields        | 7 8 9 10 11 12 | 12.6

Action                   |  1- 3 |  4- 6 |  7- 9 | 10-12 | 13-15 | 16-18 || total
-------------------------+-------+-------+-------+-------+-------+-------++-------
Melee: War axe           |   101 |    99 |       |       |       |       ||   200
       Bite              |     6 |     8 |    85 |   152 |   471 |    78 ||   800
       Short sword       |       |     9 |    23 |       |       |       ||    32
       Flail             |       |       |   485 |   710 |  1842 |   298 ||  3335
Throw: Throwing net      |       |       |       |     1 |       |       ||     1
       Javelin           |       |       |       |       |     5 |       ||     5
       Dart              |       |       |       |       |     2 |     7 ||     9
 Cast: Ensorcelled Hiber |       |       |       |    23 |     6 |       ||    29
       Hailstorm         |       |       |       |     7 |     1 |       ||     8
       Spider Form       |       |       |       |       |     1 |       ||     1
Invok: Bend Time         |       |       |     1 |     5 |     8 |       ||    14
       Slouch            |       |       |       |     3 |     9 |     2 ||    14
       Temporal Distorti |       |       |       |       |     1 |       ||     1
       Step From Time    |       |       |       |       |     1 |       ||     1
Evoke: Wand              |       |       |       |    13 |    14 |     6 ||    33
  Use: Scroll            |     6 |     6 |    11 |    14 |    10 |     2 ||    49
       Potion            |       |     1 |     5 |     7 |    12 |       ||    25
 Stab: Distracted        |       |     1 |       |     2 |     2 |       ||     5
       Sleeping          |       |       |     1 |    19 |     9 |       ||    29
       Paralysed         |       |       |       |     4 |       |       ||     4
       Held in net/web   |       |       |       |     1 |       |       ||     1
Armor: Scale mail        |    64 |    60 |   276 |   184 |       |       ||   584
       Plate armour      |       |       |    43 |    22 |       |       ||    65
       Skin              |       |       |       |     4 |       |       ||     4
       Ring mail         |       |       |       |   184 |   317 |       ||   501
       Crystal plate arm |       |       |       |       |   669 |   196 ||   865
Dodge: Dodged            |    55 |    48 |   320 |   579 |  1022 |   173 ||  2197
       Repelled          |       |       |       |       |     5 |     6 ||    11
Block: Buckler           |    36 |    28 |   225 |   309 |       |       ||   598
       Tower shield      |       |       |       |       |  3019 |   526 ||  3545

Table legend: (Time is in decaauts)
 A = Elapsed time spent in this place.
 B = Non-inter-level travel time spent in this place.
 C = Inter-level travel time spent in this place.
 D = Time resting spent in this place.
 E = Time spent auto-exploring this place.
 F = Levels seen in this place.
 G = Mean time per level.
                   A        B        C        D        E       F      G
               +--------+--------+--------+--------+--------+-----+--------+
         Total |  44994 |  42206 |   2788 |   7331 |  24739 |  29 | 1551.5 |
       Dungeon |  25353 |  23532 |   1821 |   5707 |  13118 |  15 | 1690.2 |
        Temple |    288 |    237 |     51 |      0 |    221 |   1 |  288.0 |
          Lair |  12064 |  11535 |    529 |    744 |   8445 |   6 | 2010.7 |
  Orcish Mines |   4884 |   4499 |    385 |    472 |   2187 |   2 | 2442.0 |
        Depths |     69 |     69 |      0 |      0 |     53 |   2 |   34.5 |
         Abyss |    276 |    276 |      0 |      5 |    150 |   1 |  276.0 |
         Sewer |   1048 |   1048 |      0 |    166 |    420 |   1 | 1048.0 |
      Gauntlet |   1010 |   1010 |      0 |    236 |    143 |   1 | 1010.0 |
               +--------+--------+--------+--------+--------+-----+--------+

Top non-repeatable levels by time:
     D:4: 4069 daAuts
     D:9: 3225 daAuts
  Lair:3: 2694 daAuts
   Orc:2: 2460 daAuts
   Orc:1: 2423 daAuts
  Lair:4: 2376 daAuts
  Lair:6: 2049 daAuts
    D:10: 1898 daAuts
  Lair:5: 1841 daAuts
    D:14: 1806 daAuts
     D:6: 1704 daAuts
     D:8: 1596 daAuts
  Lair:2: 1584 daAuts
  Lair:1: 1517 daAuts
    D:15: 1399 daAuts
